![]() |
![]() |
![]() |
html PUBLIC "-//W3C//DTD XHTML 1.0 Transitional//EN" "http://www.w3.org/TR/xhtml1/DTD/xhtml1-transitional.dtd">
COLORADO GLACIERCATS vs VICTORIA GLADIATORSCreated - 21 mars 2025 at 22:19
1st period
1. COLORADO GLACIERCATS , Tomas Hertl 39 (Bryan Rust 40, Leon Draisaitl 61) at 0:18
2. COLORADO GLACIERCATS , Jamie Benn 25 (Vince Dunn 31) at 0:37 3. VICTORIA GLADIATORS , Matt Duchene 15 (Mikael Granlund 38) at 5:05 4. VICTORIA GLADIATORS , Mark Scheifele 30 (David Pastrnak 42, Artemi Panarin 39) at 11:52 5. COLORADO GLACIERCATS , Tomas Hertl 40 (Leon Draisaitl 62) at 16:17 (PP) Penalties :
Victor Hedman (VIC) for High sticking (Minor) at 2:08, Devon Toews (COL) for Tripping (Minor) at 6:25, Jonathan Audy-Marchessault (VIC) for Interference (Minor) at 15:55, Nic Dowd (COL) for Tripping (Minor) at 18:54
2nd period
6. VICTORIA GLADIATORS , Mark Scheifele 31 (Mikael Granlund 39, Victor Hedman 49) at 6:37 (PP)
7. COLORADO GLACIERCATS , Nic Dowd 9 (Jamie Benn 33, Devon Toews 26) at 15:54 (PP) Penalties :
Vince Dunn (COL) for High sticking (Minor) at 5:17, Adam Lowry (VIC) for Hooking (Minor) at 14:24
3rd period
8. COLORADO GLACIERCATS , Tomas Hertl 41 (Bryan Rust 41, Leon Draisaitl 63) at 10:49
Penalties :
Vince Dunn (COL) for Roughing (Minor) at 0:43, Nic Dowd (COL) for Holding (Minor) at 6:01, Victor Hedman (VIC) for Slashing (Minor) at 17:26, Givani Smith (COL) for Cross-checking (Minor) at 19:31
Goalie StatsAndrei Vasilevskiy (COL), 31 saves from 34 shots - (0,912), W, 43-14-4, 60:00 minutes
Jake Oettinger (VIC), 35 saves from 40 shots - (0,875), L, 38-15-6, 60:00 minutes
Players Stats for COLORADO GLACIERCATSPlayer Name G A P +/- PIM S H SB GA TA FO MP PP MP PK MP ------------------------------------------------------------------------------------ Alexander Wennberg 0 0 0 -1 0 0 1 0 0 0 8/23 14:49 0:00 4:34 Bryan Rust 0 2 2 1 0 8 2 0 0 0 1/3 20:47 3:49 0:00 Christian Dvorak 0 0 0 -1 0 1 1 0 0 0 0/0 14:49 0:00 4:34 Devon Toews 0 1 1 1 2 0 1 1 0 0 0/0 23:56 2:39 3:02 Dylan Samberg 0 0 0 0 0 0 0 0 0 0 0/0 1:55 0:00 1:55 Erik Karlsson 0 0 0 1 0 3 0 3 0 0 0/0 25:09 3:11 4:47 Givani Smith 0 0 0 0 2 0 1 0 0 0 0/1 0:48 0:00 0:00 Jamie Benn 1 1 2 1 0 2 3 1 0 0 1/1 23:15 2:01 4:50 Jamie Oleksiak 0 0 0 1 0 0 0 1 0 0 0/0 15:25 0:00 5:25 Keegan Kolesar 0 0 0 0 0 0 0 0 0 0 0/0 0:49 0:00 0:00 Lane Hutson 0 0 0 1 0 0 0 1 0 0 0/0 11:05 0:00 0:00 Leon Draisaitl 0 3 3 1 0 7 1 0 0 0 16/33 20:47 3:49 0:00 Mario Ferraro 0 0 0 -1 0 0 1 0 0 0 0/0 20:29 0:00 4:19 Nic Dowd 1 0 1 -1 4 2 0 0 0 0 3/8 15:05 2:01 2:51 Sidney Crosby 0 0 0 1 0 6 1 0 0 0 12/27 21:54 3:11 2:19 Tage Thompson 0 0 0 1 0 2 2 0 0 0 1/4 19:14 2:01 0:00 Tomas Hertl 3 0 3 1 0 8 2 0 0 0 2/3 21:07 3:49 0:20 Vince Dunn 0 1 1 -1 4 1 1 0 0 0 0/0 18:47 2:39 0:00 Players Stats for VICTORIA GLADIATORSPlayer Name G A P +/- PIM S H SB GA TA FO MP PP MP PK MP ------------------------------------------------------------------------------------ Adam Lowry 0 0 0 0 2 1 1 1 0 0 12/20 12:34 0:00 2:22 Artemi Panarin 0 1 1 -1 0 5 1 0 0 0 1/2 22:45 6:34 0:00 Brayden McNabb 0 0 0 0 0 2 1 2 0 0 0/0 19:14 0:00 3:44 Brenden Dillon 0 0 0 0 0 0 1 1 0 0 0/0 11:59 0:00 1:43 Cam Fowler 0 0 0 -1 0 1 0 2 0 0 0/0 22:02 2:59 0:23 David Pastrnak 0 1 1 -1 0 3 0 1 0 0 1/3 22:06 5:55 0:00 Dylan DeMelo 0 0 0 0 0 0 2 0 0 0 0/0 20:04 0:50 3:44 Jan Rutta 0 0 0 0 0 2 0 0 0 0 0/0 16:01 3:49 1:56 Jonathan Audy-Marchessau 0 0 0 0 2 3 0 1 0 0 3/4 18:58 3:10 0:34 Jordan Martinook 0 0 0 0 0 0 0 0 0 0 1/2 5:27 0:00 2:40 Lars Eller 0 0 0 0 0 0 0 0 0 0 3/4 4:00 0:00 1:13 Logan O'Connor 0 0 0 0 0 2 0 0 0 0 0/0 13:23 3:10 0:00 Mark Scheifele 2 0 2 -1 0 5 6 1 0 0 19/37 22:45 6:34 0:00 Mathieu Olivier 0 0 0 0 0 0 1 0 0 0 0/0 4:00 0:00 1:13 Matt Duchene 1 0 1 0 0 3 2 0 0 0 18/28 18:25 3:10 0:00 Mikael Granlund 0 2 2 0 0 2 0 1 0 0 1/2 21:49 6:34 0:00 Phillip Danault 0 0 0 0 0 3 0 0 0 0 0/1 14:01 0:00 3:48 Victor Hedman 0 1 1 -1 4 2 1 1 0 0 0/0 24:33 5:55 0:00 3 Stars
1 - Tomas Hertl (COL)
2 - Jamie Benn (COL) 3 - Mark Scheifele (VIC) Power PlayCOLORADO GLACIERCATS - 2 on 4 Attempt(s) - 50,00%
VICTORIA GLADIATORS - 1 on 6 Attempt(s) - 16,67%
Penalty KillCOLORADO GLACIERCATS - 5 on 6 Attempt(s) - 83,33%
- Score 0 goal in Penalty Kill
VICTORIA GLADIATORS - 2 on 4 Attempt(s) - 50,00%
- Score 0 goal in Penalty Kill
Team StatCOLORADO GLACIERCATS - Hits : 17 - Faceoff Wins : 44 - Blocked Shots : 7 - Penalty Minutes : 12
VICTORIA GLADIATORS - Hits : 16 - Faceoff Wins : 59 - Blocked Shots : 11 - Penalty Minutes : 8
Official
Referees : Ryan Hersey and Tim Mayer
Linesman : Glen Cooke and James Tobias Game Notes
Tomas Hertl has scored a Hat Trick!
FinanceLevel 1 -- Attendance: 6300 (100,00%) -- Ticket Income 882 000 $Level 2 -- Attendance: 5300 (100,00%) -- Ticket Income 583 000 $ Level 3 -- Attendance: 2200 (100,00%) -- Ticket Income 198 000 $ Level 4 -- Attendance: 4200 (100,00%) -- Ticket Income 252 000 $ Luxury Box -- Attendance: 938 (93,80%) -- Ticket Income 243 880 $ Game was played at the Verizon Center. Total Attendance: 18938 (99,67%) Total Ticket Income: 2 158 880 $ Other Expense: 21 589 $ Total Income: 2 137 291 $ COLORADO GLACIERCATS5 vs 5 Forward Center Left Wing Right Wing Time % Phy DF OF 1 Leon Draisaitl Tomas Hertl Bryan Rust 37 0 1 4 2 Sidney Crosby Jamie Benn Tage Thompson 37 0 1 4 3 Alexander Wennberg Christian Dvorak Nic Dowd 25 0 3 2 4 Tage Thompson Givani Smith Keegan Kolesar 1 2 2 1 5 vs 5 Defense Defense Defense Time % Phy DF OF 1 Erik Karlsson Devon Toews 38 0 1 4 2 Vince Dunn Mario Ferraro 36 0 1 4 3 Jamie Oleksiak Lane Hutson 21 0 1 4 4 Lane Hutson Devon Toews 5 0 1 4 PowerPlay Forward Center Left Wing Right Wing Time % Phy DF OF 1 Leon Draisaitl Tomas Hertl Bryan Rust 57 1 1 3 2 Tage Thompson Jamie Benn Nic Dowd 43 1 1 3 PowerPlay Defense Defense Defense Time % Phy DF OF 1 Erik Karlsson Sidney Crosby 60 1 1 3 2 Vince Dunn Devon Toews 40 1 1 3 Penalty Kill 4 Players Forward Center Wing Time % Phy DF OF 1 Nic Dowd Jamie Benn 50 0 4 1 2 Alexander Wennberg Christian Dvorak 50 0 4 1 Penalty Kill 4 Players Defense Defense Defense Time % Phy DF OF 1 Devon Toews Mario Ferraro 50 0 5 0 2 Jamie Oleksiak Erik Karlsson 50 0 5 0 Penalty Kill - 3 Players Forward Forward Time % Phy DF OF 1 Christian Dvorak 50 0 5 0 2 Alexander Wennberg 50 0 5 0 Penalty Kill - 3 Players Defense Defense Defense Time % Phy DF OF 1 Jamie Oleksiak Erik Karlsson 50 0 5 0 2 Devon Toews Mario Ferraro 50 0 5 0 4 vs 4 Forward Center Wing Time % Phy DF OF 1 Tage Thompson Leon Draisaitl 50 0 1 4 2 Sidney Crosby Tomas Hertl 50 0 1 4 4 vs 4 Defense Defense Defense Time % Phy DF OF 1 Erik Karlsson Devon Toews 50 0 2 3 2 Vince Dunn Mario Ferraro 50 0 2 3 Last Minutes Offensive Center Left Wing Right Wing Defense Defense Sidney Crosby Tomas Hertl Leon Draisaitl Erik Karlsson Vince Dunn Last Minutes Defensive Center Left Wing Right Wing Defense Defense Alexander Wennberg Tomas Hertl Nic Dowd Devon Toews Jamie Oleksiak Goaltenders Starting : Andrei Vasilevskiy Backup : David Rittich Extra Forwards Normal : Leon Draisaitl, Sidney Crosby, Tomas Hertl - PP : Sidney Crosby, Alexander Wennberg - PK : Sidney Crosby Extra Defensemen Normal : Dylan Samberg, Lane Hutson, Jamie Oleksiak - PP : Lane Hutson - PK : Dylan Samberg, Erik Karlsson Penalty Shots Sidney Crosby, Leon Draisaitl, Tage Thompson, Tomas Hertl, Bryan Rust Custom OT Lines Forwards Leon Draisaitl, Sidney Crosby, Tomas Hertl, Bryan Rust, Tage Thompson, Jamie Benn, Alexander Wennberg, Nic Dowd, Christian Dvorak, Keegan Kolesar Custom OT Lines Defensemen Devon Toews, Erik Karlsson, Vince Dunn, Mario Ferraro, Lane Hutson Scratches Teuvo Teravainen (Right Leg Injury) VICTORIA GLADIATORS5 vs 5 Forward Center Left Wing Right Wing Time % Phy DF OF 1 Mark Scheifele Artemi Panarin David Pastrnak 36 0 1 4 2 Matt Duchene Jonathan Audy-MarchessaulMikael Granlund 33 0 2 3 3 Adam Lowry Phillip Danault Logan O'Connor 24 0 2 3 4 Lars Eller Jordan Martinook Mathieu Olivier 7 0 4 1 5 vs 5 Defense Defense Defense Time % Phy DF OF 1 Victor Hedman Cam Fowler 40 0 3 2 2 Brayden McNabb Dylan DeMelo 35 0 3 2 3 Jan Rutta Brenden Dillon 25 0 3 2 4 Victor Hedman Dylan DeMelo 0 0 3 2 PowerPlay Forward Center Left Wing Right Wing Time % Phy DF OF 1 Mark Scheifele Artemi Panarin Mikael Granlund 60 0 0 5 2 Matt Duchene Jonathan Audy-MarchessaulLogan O'Connor 40 0 0 5 PowerPlay Defense Defense Defense Time % Phy DF OF 1 Victor Hedman David Pastrnak 60 0 1 4 2 Jan Rutta Cam Fowler 40 0 1 4 Penalty Kill 4 Players Forward Center Wing Time % Phy DF OF 1 Adam Lowry Phillip Danault 60 0 4 1 2 Lars Eller Mathieu Olivier 40 0 4 1 Penalty Kill 4 Players Defense Defense Defense Time % Phy DF OF 1 Brayden McNabb Dylan DeMelo 60 0 4 1 2 Jan Rutta Brenden Dillon 40 0 4 1 Penalty Kill - 3 Players Forward Forward Time % Phy DF OF 1 Adam Lowry 55 0 5 0 2 Phillip Danault 45 0 5 0 Penalty Kill - 3 Players Defense Defense Defense Time % Phy DF OF 1 Brayden McNabb Dylan DeMelo 55 0 5 0 2 Jan Rutta Brenden Dillon 45 0 5 0 4 vs 4 Forward Center Wing Time % Phy DF OF 1 Mark Scheifele Artemi Panarin 52 1 2 2 2 Matt Duchene Mikael Granlund 48 1 2 2 4 vs 4 Defense Defense Defense Time % Phy DF OF 1 Jan Rutta Brenden Dillon 52 1 2 2 2 Victor Hedman Cam Fowler 48 1 2 2 Last Minutes Offensive Center Left Wing Right Wing Defense Defense Mark Scheifele Artemi Panarin David Pastrnak Victor Hedman Cam Fowler Last Minutes Defensive Center Left Wing Right Wing Defense Defense Adam Lowry Phillip Danault Logan O'Connor Brayden McNabb Dylan DeMelo Goaltenders Starting : Jake Oettinger Backup : Charlie Lindgren Extra Forwards Normal : David Pastrnak, Jonathan Audy-Marchessault, Mikael Granlund - PP : Phillip Danault, Adam Lowry - PK : Jordan Martinook Extra Defensemen Normal : Jan Rutta, Brayden McNabb, Brenden Dillon - PP : Dylan DeMelo - PK : Cam Fowler, Victor Hedman Penalty Shots Artemi Panarin, David Pastrnak, Jonathan Audy-Marchessault, Matt Duchene, Mark Scheifele Custom OT Lines Forwards Mikael Granlund, David Pastrnak, Artemi Panarin, Mark Scheifele, Phillip Danault, Jonathan Audy-Marchessault, Matt Duchene, Adam Lowry, Lars Eller, Logan O'Connor Custom OT Lines Defensemen Victor Hedman, Cam Fowler, Brayden McNabb, Dylan DeMelo, Brenden Dillon Scratches None
Play-by-Play1st period0:01 of 1st period - Mark Scheifele wins face-off versus Leon Draisaitl in neutral zone. 0:18 of 1st period - Shot by Tomas Hertl. 0:18 of 1st period - Goal by Tomas Hertl - COLORADO GLACIERCATS : 1 - VICTORIA GLADIATORS : 0. 0:19 of 1st period - Sidney Crosby wins face-off versus Matt Duchene in neutral zone. 0:37 of 1st period - Shot by Jamie Benn. 0:37 of 1st period - Goal by Jamie Benn - COLORADO GLACIERCATS : 2 - VICTORIA GLADIATORS : 0. 0:38 of 1st period - Adam Lowry wins face-off versus Alexander Wennberg in neutral zone. 1:37 of 1st period - Devon Toews is hit by Adam Lowry and loses puck. 1:44 of 1st period - Shot by Leon Draisaitl. 1:44 of 1st period - Shot Misses the Net. 1:46 of 1st period - Shot by Tomas Hertl. 1:46 of 1st period - Stopped by Jake Oettinger with a rebound. 1:48 of 1st period - Shot by Leon Draisaitl. 1:48 of 1st period - Stopped by Jake Oettinger with a rebound. 1:56 of 1st period - Shot by Leon Draisaitl. 1:56 of 1st period - Shot Misses the Net. 2:07 of 1st period - Shot by Tomas Hertl. 2:07 of 1st period - Stopped by Jake Oettinger without a rebound. 2:08 of 1st period - Sidney Crosby wins face-off versus Mark Scheifele in VICTORIA GLADIATORS zone. 2:08 of 1st period - Minor Penalty to Victor Hedman for High sticking. 2:09 of 1st period - Lars Eller wins face-off versus Tage Thompson in VICTORIA GLADIATORS zone. 2:38 of 1st period - Shot by Sidney Crosby. 2:38 of 1st period - Shot Misses the Net. 2:40 of 1st period - Shot by Tage Thompson. 2:40 of 1st period - Shot Misses the Net. 3:08 of 1st period - Shot by Bryan Rust. 3:08 of 1st period - Stopped by Jake Oettinger without a rebound. 3:09 of 1st period - Adam Lowry wins face-off versus Bryan Rust in VICTORIA GLADIATORS zone. 4:12 of 1st period - Shot by David Pastrnak. 4:12 of 1st period - Shot Misses the Net. 4:20 of 1st period - Shot by Artemi Panarin. 4:20 of 1st period - Stopped by Andrei Vasilevskiy with a rebound. 5:01 of 1st period - Icing by Mario Ferraro. 5:02 of 1st period - Matt Duchene wins face-off versus Alexander Wennberg in COLORADO GLACIERCATS zone. 5:05 of 1st period - Shot by Matt Duchene. 5:05 of 1st period - Goal by Matt Duchene - COLORADO GLACIERCATS : 2 - VICTORIA GLADIATORS : 1. 5:06 of 1st period - Matt Duchene wins face-off versus Alexander Wennberg in neutral zone. 5:22 of 1st period - Icing by Dylan DeMelo. 5:23 of 1st period - Mikael Granlund wins face-off versus Sidney Crosby in VICTORIA GLADIATORS zone. 5:52 of 1st period - Shot by Matt Duchene. 5:52 of 1st period - Stopped by Andrei Vasilevskiy without a rebound. 5:53 of 1st period - Leon Draisaitl wins face-off versus David Pastrnak in COLORADO GLACIERCATS zone. 5:53 of 1st period - Leon Draisaitl is hit by Artemi Panarin. 6:21 of 1st period - David Pastrnak is hit by Devon Toews and loses puck. 6:25 of 1st period - Minor Penalty to Devon Toews for Tripping. 6:26 of 1st period - Nic Dowd wins face-off versus Matt Duchene in COLORADO GLACIERCATS zone. 6:26 of 1st period - Nic Dowd is hit by Matt Duchene. 7:02 of 1st period - Shot by Jan Rutta. 7:02 of 1st period - Stopped by Andrei Vasilevskiy without a rebound. 7:03 of 1st period - Mark Scheifele wins face-off versus Nic Dowd in COLORADO GLACIERCATS zone. 7:18 of 1st period - Shot by Artemi Panarin. 7:18 of 1st period - Stopped by Andrei Vasilevskiy without a rebound. 7:19 of 1st period - Mark Scheifele wins face-off versus Nic Dowd in COLORADO GLACIERCATS zone. 7:52 of 1st period - Shot by Mark Scheifele. 7:52 of 1st period - Shot Misses the Net. 9:15 of 1st period - Icing by Devon Toews. 9:16 of 1st period - Leon Draisaitl wins face-off versus Adam Lowry in COLORADO GLACIERCATS zone. 10:11 of 1st period - Shot by Sidney Crosby. 10:11 of 1st period - Stopped by Jake Oettinger without a rebound. 10:12 of 1st period - Jonathan Audy-Marchessault wins face-off versus Alexander Wennberg in VICTORIA GLADIATORS zone. 10:47 of 1st period - Nic Dowd is hit by Matt Duchene and loses puck. 11:01 of 1st period - Icing by Mikael Granlund. 11:02 of 1st period - Leon Draisaitl wins face-off versus Matt Duchene in VICTORIA GLADIATORS zone. 11:22 of 1st period - Icing by Vince Dunn. 11:23 of 1st period - Tomas Hertl wins face-off versus Mark Scheifele in COLORADO GLACIERCATS zone. 11:23 of 1st period - Tomas Hertl is hit by Mark Scheifele. 11:29 of 1st period - Leon Draisaitl is hit by Mark Scheifele and loses puck. 11:42 of 1st period - Shot by Artemi Panarin. 11:42 of 1st period - Stopped by Andrei Vasilevskiy with a rebound. 11:48 of 1st period - Shot by Mark Scheifele. 11:48 of 1st period - Deflect By David Pastrnak. 11:48 of 1st period - Shot Misses the Net. 11:50 of 1st period - Shot by Mark Scheifele. 11:50 of 1st period - Stopped by Andrei Vasilevskiy with a rebound. 11:52 of 1st period - Shot by Mark Scheifele. 11:52 of 1st period - Goal by Mark Scheifele - COLORADO GLACIERCATS : 2 - VICTORIA GLADIATORS : 2. 11:53 of 1st period - Adam Lowry wins face-off versus Sidney Crosby in neutral zone. 11:58 of 1st period - Shot by Phillip Danault. 11:58 of 1st period - Shot Misses the Net. 12:16 of 1st period - Shot by Tage Thompson. 12:16 of 1st period - Shot Misses the Net. 12:32 of 1st period - Shot by Tage Thompson. 12:32 of 1st period - Shot Blocked by Adam Lowry. 13:11 of 1st period - Icing by Victor Hedman. 13:12 of 1st period - Leon Draisaitl wins face-off versus Mark Scheifele in VICTORIA GLADIATORS zone. 13:13 of 1st period - Shot by Bryan Rust. 13:13 of 1st period - Stopped by Jake Oettinger with a rebound. 13:18 of 1st period - Icing by Mark Scheifele. 13:19 of 1st period - Mark Scheifele wins face-off versus Bryan Rust in VICTORIA GLADIATORS zone. 13:21 of 1st period - Icing by Victor Hedman. 13:22 of 1st period - Mark Scheifele wins face-off versus Leon Draisaitl in VICTORIA GLADIATORS zone. 13:51 of 1st period - Shot by Bryan Rust. 13:51 of 1st period - Stopped by Jake Oettinger without a rebound. 13:52 of 1st period - Matt Duchene wins face-off versus Alexander Wennberg in VICTORIA GLADIATORS zone. 14:06 of 1st period - Mikael Granlund is hit by Vince Dunn and loses puck. 14:54 of 1st period - Off-side. 14:55 of 1st period - Mark Scheifele wins face-off versus Leon Draisaitl in neutral zone. 15:03 of 1st period - Shot by Bryan Rust. 15:03 of 1st period - Stopped by Jake Oettinger without a rebound. 15:04 of 1st period - Sidney Crosby wins face-off versus Mark Scheifele in VICTORIA GLADIATORS zone. 15:05 of 1st period - Shot by Jamie Benn. 15:05 of 1st period - Stopped by Jake Oettinger without a rebound. 15:06 of 1st period - Mark Scheifele wins face-off versus Sidney Crosby in VICTORIA GLADIATORS zone. 15:06 of 1st period - Mark Scheifele is hit by Sidney Crosby. 15:40 of 1st period - Shot by Tage Thompson. 15:40 of 1st period - Shot Misses the Net. 15:42 of 1st period - Shot by Sidney Crosby. 15:42 of 1st period - Shot Misses the Net. 15:44 of 1st period - Shot by Erik Karlsson. 15:44 of 1st period - Stopped by Jake Oettinger without a rebound. 15:45 of 1st period - Jonathan Audy-Marchessault wins face-off versus Leon Draisaitl in VICTORIA GLADIATORS zone. 15:55 of 1st period - Minor Penalty to Jonathan Audy-Marchessault for Interference. 15:56 of 1st period - Leon Draisaitl wins face-off versus Adam Lowry in VICTORIA GLADIATORS zone. 16:17 of 1st period - Shot by Tomas Hertl. 16:17 of 1st period - Goal by Tomas Hertl - COLORADO GLACIERCATS : 3 - VICTORIA GLADIATORS : 2. 16:18 of 1st period - Matt Duchene wins face-off versus Alexander Wennberg in neutral zone. 16:36 of 1st period - Shot by Nic Dowd. 16:36 of 1st period - Stopped by Jake Oettinger with a rebound. 17:56 of 1st period - Icing by Victor Hedman. 17:57 of 1st period - Mark Scheifele wins face-off versus Leon Draisaitl in VICTORIA GLADIATORS zone. 18:02 of 1st period - Shot by Tomas Hertl. 18:02 of 1st period - Shot Misses the Net. 18:29 of 1st period - Icing by Mark Scheifele. 18:30 of 1st period - Alexander Wennberg wins face-off versus Mark Scheifele in VICTORIA GLADIATORS zone. 18:54 of 1st period - Minor Penalty to Nic Dowd for Tripping. 18:55 of 1st period - Sidney Crosby wins face-off versus Matt Duchene in COLORADO GLACIERCATS zone. 19:32 of 1st period - Shot by Jonathan Audy-Marchessault. 19:32 of 1st period - Shot Misses the Net. Goals for this period are 3 for COLORADO GLACIERCATS vs 2 for VICTORIA GLADIATORS. Shots for this period are 14 for COLORADO GLACIERCATS vs 8 for VICTORIA GLADIATORS. 2nd period0:01 of 2nd period - Mark Scheifele wins face-off versus Alexander Wennberg in neutral zone. 0:04 of 2nd period - Alexander Wennberg is hit by Mark Scheifele. 1:00 of 2nd period - Shot by Leon Draisaitl. 1:00 of 2nd period - Shot Misses the Net. 1:50 of 2nd period - Icing by Lars Eller. 1:51 of 2nd period - Lars Eller wins face-off versus Sidney Crosby in VICTORIA GLADIATORS zone. 1:51 of 2nd period - Lars Eller is hit by Tage Thompson. 2:09 of 2nd period - Shot by Adam Lowry. 2:09 of 2nd period - Shot Blocked by Jamie Benn. 2:14 of 2nd period - Icing by Sidney Crosby. 2:15 of 2nd period - Jonathan Audy-Marchessault wins face-off versus Sidney Crosby in COLORADO GLACIERCATS zone. 2:29 of 2nd period - Icing by Victor Hedman. 2:30 of 2nd period - Matt Duchene wins face-off versus Leon Draisaitl in VICTORIA GLADIATORS zone. 2:30 of 2nd period - Matt Duchene is hit by Bryan Rust. 2:35 of 2nd period - Off-side. 2:36 of 2nd period - Leon Draisaitl wins face-off versus Mark Scheifele in neutral zone. 2:49 of 2nd period - Bryan Rust is hit by Brayden McNabb. 2:55 of 2nd period - Shot by Bryan Rust. 2:55 of 2nd period - Stopped by Jake Oettinger without a rebound. 2:56 of 2nd period - Matt Duchene wins face-off versus Sidney Crosby in VICTORIA GLADIATORS zone. 4:07 of 2nd period - Shot by Artemi Panarin. 4:07 of 2nd period - Shot Misses the Net. 4:30 of 2nd period - Icing by Erik Karlsson. 4:31 of 2nd period - Adam Lowry wins face-off versus Sidney Crosby in COLORADO GLACIERCATS zone. 5:06 of 2nd period - Shot by Phillip Danault. 5:06 of 2nd period - Stopped by Andrei Vasilevskiy without a rebound. 5:07 of 2nd period - Matt Duchene wins face-off versus Leon Draisaitl in COLORADO GLACIERCATS zone. 5:17 of 2nd period - Minor Penalty to Vince Dunn for High sticking. 5:18 of 2nd period - Mark Scheifele wins face-off versus Alexander Wennberg in COLORADO GLACIERCATS zone. 5:29 of 2nd period - Shot by Mark Scheifele. 5:29 of 2nd period - Stopped by Andrei Vasilevskiy without a rebound. 5:30 of 2nd period - Alexander Wennberg wins face-off versus Mark Scheifele in COLORADO GLACIERCATS zone. 5:49 of 2nd period - Shot by Mark Scheifele. 5:49 of 2nd period - Shot Misses the Net. 5:51 of 2nd period - Shot by Mark Scheifele. 5:51 of 2nd period - Deflect By Artemi Panarin. 5:51 of 2nd period - Shot Misses the Net. 6:05 of 2nd period - Shot by David Pastrnak. 6:05 of 2nd period - Stopped by Andrei Vasilevskiy without a rebound. 6:06 of 2nd period - Alexander Wennberg wins face-off versus Matt Duchene in COLORADO GLACIERCATS zone. 6:25 of 2nd period - Shot by Jonathan Audy-Marchessault. 6:25 of 2nd period - Shot Blocked by Jamie Oleksiak. 6:27 of 2nd period - Shot by Cam Fowler. 6:27 of 2nd period - Shot Blocked by Erik Karlsson. 6:29 of 2nd period - Shot by Jan Rutta. 6:29 of 2nd period - Shot Blocked by Erik Karlsson. 6:31 of 2nd period - Shot by Cam Fowler. 6:31 of 2nd period - Stopped by Andrei Vasilevskiy without a rebound. 6:32 of 2nd period - Mark Scheifele wins face-off versus Alexander Wennberg in COLORADO GLACIERCATS zone. 6:33 of 2nd period - Shot by Victor Hedman. 6:33 of 2nd period - Shot Misses the Net. 6:37 of 2nd period - Shot by Mark Scheifele. 6:37 of 2nd period - Goal by Mark Scheifele - COLORADO GLACIERCATS : 3 - VICTORIA GLADIATORS : 3. 6:38 of 2nd period - Leon Draisaitl wins face-off versus Mark Scheifele in neutral zone. 6:53 of 2nd period - Shot by Bryan Rust. 6:53 of 2nd period - Stopped by Jake Oettinger without a rebound. 6:54 of 2nd period - Matt Duchene wins face-off versus Alexander Wennberg in VICTORIA GLADIATORS zone. 7:11 of 2nd period - Off-side. 7:12 of 2nd period - David Pastrnak wins face-off versus Leon Draisaitl in neutral zone. 7:15 of 2nd period - Vince Dunn is hit by Mark Scheifele and loses puck. 7:45 of 2nd period - Shot by Mark Scheifele. 7:45 of 2nd period - Shot Misses the Net. 7:47 of 2nd period - Shot by Brayden McNabb. 7:47 of 2nd period - Stopped by Andrei Vasilevskiy without a rebound. 7:48 of 2nd period - Sidney Crosby wins face-off versus Matt Duchene in COLORADO GLACIERCATS zone. 8:05 of 2nd period - Shot by Sidney Crosby. 8:05 of 2nd period - Shot Blocked by Cam Fowler. 8:28 of 2nd period - Shot by Erik Karlsson. 8:28 of 2nd period - Stopped by Jake Oettinger without a rebound. 8:29 of 2nd period - Leon Draisaitl wins face-off versus Adam Lowry in VICTORIA GLADIATORS zone. 8:30 of 2nd period - Shot by Bryan Rust. 8:30 of 2nd period - Stopped by Jake Oettinger without a rebound. 8:31 of 2nd period - Tomas Hertl wins face-off versus Adam Lowry in VICTORIA GLADIATORS zone. 8:36 of 2nd period - Shot by Bryan Rust. 8:36 of 2nd period - Shot Blocked by Brayden McNabb. 8:38 of 2nd period - Shot by Tomas Hertl. 8:38 of 2nd period - Stopped by Jake Oettinger without a rebound. 8:39 of 2nd period - Leon Draisaitl wins face-off versus Adam Lowry in VICTORIA GLADIATORS zone. 8:50 of 2nd period - Shot by Bryan Rust. 8:50 of 2nd period - Shot Misses the Net. 8:52 of 2nd period - Shot by Bryan Rust. 8:52 of 2nd period - Deflect By Leon Draisaitl. 8:52 of 2nd period - Shot Misses the Net. 8:54 of 2nd period - Shot by Bryan Rust. 8:54 of 2nd period - Stopped by Jake Oettinger without a rebound. 8:55 of 2nd period - Matt Duchene wins face-off versus Alexander Wennberg in VICTORIA GLADIATORS zone. 9:06 of 2nd period - Shot by Victor Hedman. 9:06 of 2nd period - Stopped by Andrei Vasilevskiy without a rebound. 9:07 of 2nd period - Mark Scheifele wins face-off versus Leon Draisaitl in COLORADO GLACIERCATS zone. 9:34 of 2nd period - Shot by Leon Draisaitl. 9:34 of 2nd period - Stopped by Jake Oettinger without a rebound. 9:35 of 2nd period - Sidney Crosby wins face-off versus Matt Duchene in VICTORIA GLADIATORS zone. 9:56 of 2nd period - Shot by Erik Karlsson. 9:56 of 2nd period - Stopped by Jake Oettinger without a rebound. 9:57 of 2nd period - Adam Lowry wins face-off versus Alexander Wennberg in VICTORIA GLADIATORS zone. 10:59 of 2nd period - Tomas Hertl is hit by Dylan DeMelo and loses puck. 11:05 of 2nd period - Off-side. 11:06 of 2nd period - Jamie Benn wins face-off versus Mark Scheifele in neutral zone. 11:21 of 2nd period - Shot by Sidney Crosby. 11:21 of 2nd period - Stopped by Jake Oettinger without a rebound. 11:22 of 2nd period - Leon Draisaitl wins face-off versus Matt Duchene in VICTORIA GLADIATORS zone. 11:37 of 2nd period - Shot by Matt Duchene. 11:37 of 2nd period - Stopped by Andrei Vasilevskiy without a rebound. 11:38 of 2nd period - Mark Scheifele wins face-off versus Sidney Crosby in COLORADO GLACIERCATS zone. 12:03 of 2nd period - Shot by Jamie Benn. 12:03 of 2nd period - Shot Misses the Net. 12:09 of 2nd period - Shot by Sidney Crosby. 12:09 of 2nd period - Stopped by Jake Oettinger without a rebound. 12:10 of 2nd period - Matt Duchene wins face-off versus Leon Draisaitl in VICTORIA GLADIATORS zone. 12:10 of 2nd period - Matt Duchene is hit by Leon Draisaitl. 12:42 of 2nd period - Shot by Mikael Granlund. 12:42 of 2nd period - Shot Misses the Net. 12:46 of 2nd period - Shot by Jonathan Audy-Marchessault. 12:46 of 2nd period - Shot Misses the Net. 12:48 of 2nd period - Shot by Jonathan Audy-Marchessault. 12:48 of 2nd period - Shot Misses the Net. 13:36 of 2nd period - Shot by Tage Thompson. 13:36 of 2nd period - Shot Misses the Net. 13:38 of 2nd period - Shot by Vince Dunn. 13:38 of 2nd period - Shot Misses the Net. 13:40 of 2nd period - Shot by Vince Dunn. 13:40 of 2nd period - Stopped by Jake Oettinger with a rebound. 13:46 of 2nd period - Shot by Sidney Crosby. 13:46 of 2nd period - Shot Misses the Net. 13:48 of 2nd period - Shot by Mario Ferraro. 13:48 of 2nd period - Shot Blocked by Mark Scheifele. 14:19 of 2nd period - Icing by Jamie Oleksiak. 14:20 of 2nd period - Alexander Wennberg wins face-off versus Adam Lowry in COLORADO GLACIERCATS zone. 14:24 of 2nd period - Minor Penalty to Adam Lowry for Hooking. 14:25 of 2nd period - Leon Draisaitl wins face-off versus Jordan Martinook in VICTORIA GLADIATORS zone. 14:34 of 2nd period - Shot by Leon Draisaitl. 14:34 of 2nd period - Stopped by Jake Oettinger without a rebound. 14:35 of 2nd period - Leon Draisaitl wins face-off versus Phillip Danault in VICTORIA GLADIATORS zone. 14:44 of 2nd period - Shot by Tomas Hertl. 14:44 of 2nd period - Stopped by Jake Oettinger without a rebound. 14:45 of 2nd period - Jordan Martinook wins face-off versus Tomas Hertl in VICTORIA GLADIATORS zone. 15:34 of 2nd period - Shot by Sidney Crosby. 15:34 of 2nd period - Shot Blocked by Brayden McNabb. 15:52 of 2nd period - Shot by Jamie Benn. 15:52 of 2nd period - Shot Misses the Net. 15:54 of 2nd period - Shot by Nic Dowd. 15:54 of 2nd period - Goal by Nic Dowd - COLORADO GLACIERCATS : 4 - VICTORIA GLADIATORS : 3. 15:55 of 2nd period - Matt Duchene wins face-off versus Nic Dowd in neutral zone. 16:20 of 2nd period - Shot by Jonathan Audy-Marchessault. 16:20 of 2nd period - Shot Blocked by Lane Hutson. 16:44 of 2nd period - Shot by Mikael Granlund. 16:44 of 2nd period - Stopped by Andrei Vasilevskiy without a rebound. 16:45 of 2nd period - Mark Scheifele wins face-off versus Leon Draisaitl in COLORADO GLACIERCATS zone. 16:50 of 2nd period - Shot by David Pastrnak. 16:50 of 2nd period - Shot Misses the Net. 17:15 of 2nd period - Leon Draisaitl is hit by Brenden Dillon and loses puck. 17:20 of 2nd period - Shot by Leon Draisaitl. 17:20 of 2nd period - Stopped by Jake Oettinger without a rebound. 17:21 of 2nd period - Adam Lowry wins face-off versus Sidney Crosby in VICTORIA GLADIATORS zone. 17:21 of 2nd period - Adam Lowry is hit by Jamie Benn. 17:35 of 2nd period - Shot by Phillip Danault. 17:35 of 2nd period - Shot Misses the Net. 18:13 of 2nd period - Icing by Devon Toews. 18:14 of 2nd period - Matt Duchene wins face-off versus Sidney Crosby in COLORADO GLACIERCATS zone. 18:17 of 2nd period - Shot by Jonathan Audy-Marchessault. 18:17 of 2nd period - Stopped by Andrei Vasilevskiy without a rebound. 18:18 of 2nd period - Leon Draisaitl wins face-off versus Mikael Granlund in COLORADO GLACIERCATS zone. 18:23 of 2nd period - Mikael Granlund is hit by Tomas Hertl and loses puck. 19:31 of 2nd period - Shot by Alexander Wennberg. 19:31 of 2nd period - Shot Blocked by Victor Hedman. 19:39 of 2nd period - Shot by Nic Dowd. 19:39 of 2nd period - Shot Misses the Net. Goals for this period are 1 for COLORADO GLACIERCATS vs 1 for VICTORIA GLADIATORS. Shots for this period are 15 for COLORADO GLACIERCATS vs 10 for VICTORIA GLADIATORS. 3rd period0:01 of 3rd period - Sidney Crosby wins face-off versus David Pastrnak in neutral zone. 0:16 of 3rd period - Shot by David Pastrnak. 0:16 of 3rd period - Shot Blocked by Devon Toews. 0:18 of 3rd period - Shot by Brayden McNabb. 0:18 of 3rd period - Stopped by Andrei Vasilevskiy without a rebound. 0:19 of 3rd period - Adam Lowry wins face-off versus Leon Draisaitl in COLORADO GLACIERCATS zone. 0:42 of 3rd period - Shot by Adam Lowry. 0:42 of 3rd period - Shot Misses the Net. 0:43 of 3rd period - Minor Penalty to Vince Dunn for Roughing. 0:44 of 3rd period - Alexander Wennberg wins face-off versus Mark Scheifele in COLORADO GLACIERCATS zone. 1:27 of 3rd period - Shot by Christian Dvorak. 1:27 of 3rd period - Shot Blocked by David Pastrnak. 1:47 of 3rd period - Shot by Jan Rutta. 1:47 of 3rd period - Stopped by Andrei Vasilevskiy without a rebound. 1:48 of 3rd period - Matt Duchene wins face-off versus Nic Dowd in COLORADO GLACIERCATS zone. 1:57 of 3rd period - Shot by Jonathan Audy-Marchessault. 1:57 of 3rd period - Shot Misses the Net. 2:01 of 3rd period - Shot by Logan O'Connor. 2:01 of 3rd period - Stopped by Andrei Vasilevskiy without a rebound. 2:02 of 3rd period - Matt Duchene wins face-off versus Alexander Wennberg in COLORADO GLACIERCATS zone. 2:15 of 3rd period - Shot by Jonathan Audy-Marchessault. 2:15 of 3rd period - Stopped by Andrei Vasilevskiy without a rebound. 2:16 of 3rd period - Nic Dowd wins face-off versus Mark Scheifele in COLORADO GLACIERCATS zone. 2:24 of 3rd period - Victor Hedman is hit by Jamie Benn and loses puck. 3:16 of 3rd period - Shot by Adam Lowry. 3:16 of 3rd period - Stopped by Andrei Vasilevskiy with a rebound. 3:18 of 3rd period - Shot by Phillip Danault. 3:18 of 3rd period - Stopped by Andrei Vasilevskiy without a rebound. 3:19 of 3rd period - Mark Scheifele wins face-off versus Sidney Crosby in COLORADO GLACIERCATS zone. 3:20 of 3rd period - Shot by Artemi Panarin. 3:20 of 3rd period - Shot Blocked by Erik Karlsson. 3:47 of 3rd period - Shot by Artemi Panarin. 3:47 of 3rd period - Stopped by Andrei Vasilevskiy with a rebound. 4:20 of 3rd period - Icing by Jamie Benn. 4:21 of 3rd period - Adam Lowry wins face-off versus Sidney Crosby in COLORADO GLACIERCATS zone. 4:45 of 3rd period - Shot by Logan O'Connor. 4:45 of 3rd period - Stopped by Andrei Vasilevskiy without a rebound. 4:46 of 3rd period - Matt Duchene wins face-off versus Leon Draisaitl in COLORADO GLACIERCATS zone. 4:57 of 3rd period - Shot by Leon Draisaitl. 4:57 of 3rd period - Stopped by Jake Oettinger with a rebound. 5:29 of 3rd period - Shot by Leon Draisaitl. 5:29 of 3rd period - Shot Misses the Net. 5:33 of 3rd period - Shot by Tomas Hertl. 5:33 of 3rd period - Shot Misses the Net. 5:35 of 3rd period - Shot by Bryan Rust. 5:35 of 3rd period - Shot Blocked by Jonathan Audy-Marchessault. 6:01 of 3rd period - Minor Penalty to Nic Dowd for Holding. 6:02 of 3rd period - Alexander Wennberg wins face-off versus Artemi Panarin in COLORADO GLACIERCATS zone. 6:02 of 3rd period - Alexander Wennberg is hit by Mark Scheifele. 6:11 of 3rd period - Icing by Mikael Granlund. 6:12 of 3rd period - Mark Scheifele wins face-off versus Alexander Wennberg in VICTORIA GLADIATORS zone. 6:12 of 3rd period - Mark Scheifele is hit by Alexander Wennberg. 6:55 of 3rd period - Icing by Logan O'Connor. 6:56 of 3rd period - Alexander Wennberg wins face-off versus Jonathan Audy-Marchessault in VICTORIA GLADIATORS zone. 7:13 of 3rd period - Shot by Christian Dvorak. 7:13 of 3rd period - Stopped by Jake Oettinger without a rebound. 7:14 of 3rd period - Matt Duchene wins face-off versus Sidney Crosby in VICTORIA GLADIATORS zone. 7:21 of 3rd period - Shot by Jonathan Audy-Marchessault. 7:21 of 3rd period - Stopped by Andrei Vasilevskiy without a rebound. 7:22 of 3rd period - Sidney Crosby wins face-off versus Mark Scheifele in COLORADO GLACIERCATS zone. 7:30 of 3rd period - Icing by Mark Scheifele. 7:31 of 3rd period - Sidney Crosby wins face-off versus Mark Scheifele in VICTORIA GLADIATORS zone. 7:32 of 3rd period - Shot by Jamie Benn. 7:32 of 3rd period - Shot Blocked by Mikael Granlund. 7:37 of 3rd period - Icing by Artemi Panarin. 7:38 of 3rd period - Mark Scheifele wins face-off versus Alexander Wennberg in VICTORIA GLADIATORS zone. 7:38 of 3rd period - Mark Scheifele is hit by Christian Dvorak. 8:15 of 3rd period - Shot by Leon Draisaitl. 8:15 of 3rd period - Stopped by Jake Oettinger without a rebound. 8:16 of 3rd period - Lars Eller wins face-off versus Sidney Crosby in VICTORIA GLADIATORS zone. 8:16 of 3rd period - Lars Eller is hit by Jamie Benn. 8:28 of 3rd period - Shot by Sidney Crosby. 8:28 of 3rd period - Stopped by Jake Oettinger without a rebound. 8:29 of 3rd period - Leon Draisaitl wins face-off versus Mark Scheifele in VICTORIA GLADIATORS zone. 9:01 of 3rd period - Shot by David Pastrnak. 9:01 of 3rd period - Deflect By Artemi Panarin. 9:01 of 3rd period - Stopped by Andrei Vasilevskiy without a rebound. 9:02 of 3rd period - Sidney Crosby wins face-off versus Matt Duchene in COLORADO GLACIERCATS zone. 9:50 of 3rd period - Jan Rutta is hit by Tage Thompson and loses puck. 10:29 of 3rd period - Shot by David Pastrnak. 10:29 of 3rd period - Stopped by Andrei Vasilevskiy without a rebound. 10:30 of 3rd period - Leon Draisaitl wins face-off versus Mark Scheifele in COLORADO GLACIERCATS zone. 10:47 of 3rd period - Shot by Tomas Hertl. 10:47 of 3rd period - Shot Misses the Net. 10:49 of 3rd period - Shot by Tomas Hertl. 10:49 of 3rd period - Goal by Tomas Hertl - COLORADO GLACIERCATS : 5 - VICTORIA GLADIATORS : 3. 10:50 of 3rd period - Nic Dowd wins face-off versus Adam Lowry in neutral zone. 11:20 of 3rd period - Shot by Alexander Wennberg. 11:20 of 3rd period - Deflect By Christian Dvorak. 11:20 of 3rd period - Shot Blocked by Cam Fowler. 11:25 of 3rd period - Off-side. 11:26 of 3rd period - Mark Scheifele wins face-off versus Leon Draisaitl in neutral zone. 11:42 of 3rd period - Icing by Brayden McNabb. 11:43 of 3rd period - Sidney Crosby wins face-off versus Mark Scheifele in VICTORIA GLADIATORS zone. 11:54 of 3rd period - Shot by Tage Thompson. 11:54 of 3rd period - Stopped by Jake Oettinger without a rebound. 11:55 of 3rd period - Adam Lowry wins face-off versus Leon Draisaitl in VICTORIA GLADIATORS zone. 12:06 of 3rd period - Shot by Phillip Danault. 12:06 of 3rd period - Stopped by Andrei Vasilevskiy with a rebound. 12:15 of 3rd period - Icing by Vince Dunn. 12:16 of 3rd period - Mark Scheifele wins face-off versus Leon Draisaitl in COLORADO GLACIERCATS zone. 12:36 of 3rd period - David Pastrnak is hit by Mario Ferraro and loses puck. 12:41 of 3rd period - Shot by Mark Scheifele. 12:41 of 3rd period - Stopped by Andrei Vasilevskiy without a rebound. 12:42 of 3rd period - Matt Duchene wins face-off versus Sidney Crosby in COLORADO GLACIERCATS zone. 12:43 of 3rd period - Shot by Mikael Granlund. 12:43 of 3rd period - Stopped by Andrei Vasilevskiy without a rebound. 12:44 of 3rd period - Sidney Crosby wins face-off versus Matt Duchene in COLORADO GLACIERCATS zone. 13:06 of 3rd period - Shot by Tage Thompson. 13:06 of 3rd period - Stopped by Jake Oettinger without a rebound. 13:07 of 3rd period - Artemi Panarin wins face-off versus Nic Dowd in VICTORIA GLADIATORS zone. 13:13 of 3rd period - Nic Dowd is hit by Dylan DeMelo and loses puck. 13:26 of 3rd period - Shot by David Pastrnak. 13:26 of 3rd period - Shot Misses the Net. 13:34 of 3rd period - Alexander Wennberg is hit by Mark Scheifele and loses puck. 14:34 of 3rd period - Icing by David Pastrnak. 14:35 of 3rd period - Leon Draisaitl wins face-off versus Mark Scheifele in VICTORIA GLADIATORS zone. 16:53 of 3rd period - Shot by Victor Hedman. 16:53 of 3rd period - Shot Misses the Net. 16:55 of 3rd period - Shot by Victor Hedman. 16:55 of 3rd period - Stopped by Andrei Vasilevskiy without a rebound. 16:56 of 3rd period - Bryan Rust wins face-off versus Lars Eller in COLORADO GLACIERCATS zone. 16:56 of 3rd period - Bryan Rust is hit by Mathieu Olivier. 17:02 of 3rd period - Lars Eller is hit by Bryan Rust and loses puck. 17:08 of 3rd period - Leon Draisaitl is hit by Victor Hedman. 17:21 of 3rd period - Shot by Leon Draisaitl. 17:21 of 3rd period - Stopped by Jake Oettinger with a rebound. 17:23 of 3rd period - Shot by Tomas Hertl. 17:23 of 3rd period - Stopped by Jake Oettinger with a rebound. 17:26 of 3rd period - Minor Penalty to Victor Hedman for Slashing. 17:27 of 3rd period - Tage Thompson wins face-off versus Adam Lowry in VICTORIA GLADIATORS zone. 17:28 of 3rd period - Shot by Sidney Crosby. 17:28 of 3rd period - Stopped by Jake Oettinger without a rebound. 17:29 of 3rd period - Adam Lowry wins face-off versus Tage Thompson in VICTORIA GLADIATORS zone. 17:35 of 3rd period - Icing by Jamie Benn. 17:36 of 3rd period - Adam Lowry wins face-off versus Tage Thompson in COLORADO GLACIERCATS zone. 18:13 of 3rd period - Shot by Sidney Crosby. 18:13 of 3rd period - Stopped by Jake Oettinger without a rebound. 18:14 of 3rd period - Adam Lowry wins face-off versus Leon Draisaitl in VICTORIA GLADIATORS zone. 18:25 of 3rd period - Shot by Leon Draisaitl. 18:25 of 3rd period - Shot Blocked by Brenden Dillon. 18:57 of 3rd period - Jordan Martinook is hit by Tomas Hertl and loses puck. 19:29 of 3rd period - Icing by Cam Fowler. 19:30 of 3rd period - Matt Duchene wins face-off versus Givani Smith in VICTORIA GLADIATORS zone. 19:30 of 3rd period - Matt Duchene is hit by Givani Smith. 19:31 of 3rd period - Minor Penalty to Givani Smith for Cross-checking. 19:32 of 3rd period - Alexander Wennberg wins face-off versus Mark Scheifele in COLORADO GLACIERCATS zone. 19:49 of 3rd period - Shot by David Pastrnak. 19:49 of 3rd period - Stopped by Andrei Vasilevskiy with a rebound. Goals for this period are 1 for COLORADO GLACIERCATS vs 0 for VICTORIA GLADIATORS. Shots for this period are 11 for COLORADO GLACIERCATS vs 16 for VICTORIA GLADIATORS. Back to the Top |
![]() |
![]() |
![]() |
MATTHEW TKACHUK |
TOM WILSON |
JAKE GUENTZEL |